[Event "76th Montenegro Championship 2024"]
[Site "Podgorica"]
[Date "2024.02.10"]
[Round "5.4"]
[White "Skvortsov, Andrei"]
[Black "Vukcevic, Nemanja"]
[Result "1/2-1/2"]
[ECO "B53"]
[WhiteElo "2307"]
[BlackElo "2275"]
[Annotator "TA"]
[PlyCount "108"]
[EventDate "2024.02.06"]
[EventType "swiss"]
[EventCountry "MNE"]
[SourceTitle "playchess.com"]
[Source "ChessBase"]
[SourceQuality "1"]
[TimeControl "40/5400+30:1800+30"]

1. e4 c5 2. Nf3 d6 3. Nc3 Nf6 4. d4 cxd4 5. Qxd4 Nc6 6. Qd3 g6 7. Nd5 Bg7 8. c3 Nd7 9. Bg5 h6 10. Bh4 O-O 11. Rd1 $1 g5 12. Bg3 Nc5 13. Qc2 f5 14. exf5 (14. Bc4 $1 $14 Kh8 (14... Nxe4 15. Nxe7+ Kh7 16. Nxc8 $16) (14... e6 $2 15. Bxd6 Nxe4 16. Bxf8 $18) 15. exf5) 14... Bxf5 $11 15. Qc1 Kh8 (15... e6 $5 16. Bxd6 (16. Ne3 d5 $11) 16... exd5 (16... Qxd6 $2 17. Nf6+ Rxf6 18. Rxd6 $18) 17. Bxc5 Re8+ 18. Be2 Rxe2+ 19. Kxe2 Qa5 $14) 16. Ne3 Be6 17. Bc4 Qd7 18. O-O Bxc4 19. Nxc4 Qf5 20. Qe3 Ne4 21. Rfe1 d5 22. Na3 Rad8 23. Nd4 Nxd4 24. cxd4 Bf6 25. Nb5 Qd7 26. Nc3 (26. Nxa7 $2 {loses.} Ra8 27. Be5 (27. Qa3 $2 b6 $19) 27... Rxa7 $19) 26... Nxc3 (26... Nxg3 $11 {feels stronger.} 27. hxg3 Rc8) 27. bxc3 $14 Rc8 28. Rb1 b6 29. Qd3 Kg7 30. Re3 {[%emt 0:00:00] White is more active.} Qa4 31. Rb2 (31. Qf5 $16) 31... Rf7 32. h3 Qc4 33. Qb1 Qa4 34. Rbe2 Qd7 35. Qd3 Rc6 36. Kh2 Qc8 37. Rf3 Re6 38. Rxe6 (38. Qf5 {with more complications.} Rc6 39. Qxd5 Rxc3 40. Rxc3 Qxc3 41. Re4) 38... Qxe6 39. Qb5 Rf8 40. Re3 Qf5 41. Qc6 Rd8 42. Qc7 Qd7 {[%emt 0:02:03] The position is equal.} 43. Qxd7 $1 Rxd7 $11 {[%emt 0:00:04][%mdl 4096] Endgame. KRB-KRB} 44. Re6 Kf7 45. Rc6 Rb7 46. Be5 Ke8 47. Bxf6 Kd7 $1 48. Bxg5 $1 Kxc6 49. Bxh6 {[%emt 0:00:00] g4 is the strong threat. KR-KB} b5 50. a3 Kd7 51. Kg3 Rb6 (51... Rc7 $5 52. Bd2 $8 Rc6 $11) 52. Bd2 Ra6 53. Bc1 Rc6 (53... Re6 $5 54. Be3 $8 Rc6 $11) 54. Bd2 Ra6 {[%emt 0:01:03] Weighted Error Value: White=0.09 (flawless) /Black=0.08 (flawless) .  Mistake:       	White=2     	Black=1      Inaccurate:     	White=4     	Black=4      OK:         	White=20    	Black=14     Best:        	---       	Black=1      Strong:       	White=3     	Black=1} 1/2-1/2

[Event "76th Montenegro Championship 2024"]
[Site "Podgorica"]
[Date "2024.02.10"]
[Round "5.5"]
[White "Vujovic, Savo"]
[Black "Tomic, Aleksandar"]
[Result "0-1"]
[ECO "D00"]
[WhiteElo "2137"]
[BlackElo "2398"]
[Annotator "TA"]
[PlyCount "64"]
[EventDate "2024.02.06"]
[EventType "swiss"]
[EventCountry "MNE"]
[SourceTitle "playchess.com"]
[Source "ChessBase"]
[SourceQuality "1"]
[TimeControl "40/5400+30:1800+30"]

1. d4 Nf6 2. Bg5 g6 3. Bxf6 exf6 4. e3 d5 5. c4 dxc4 6. Bxc4 Bd6 7. Nf3 O-O 8. O-O f5 {[%emt 0:04:54] The position is equal.} 9. Nbd2 Nd7 10. Rc1 c6 11. Qc2 Nf6 12. a3 a5 13. Rfd1 Qe7 14. Bb3 Kg7 15. Nc4 Bc7 16. Nce5 Ne4 17. Nd3 Bd6 18. d5 c5 (18... a4 $5 19. Bxa4 b5 $15) 19. a4 h5 20. Bc4 h4 21. b3 g5 22. Bb5 b6 23. Nd2 {[%emt 0:00:00] [#]} h3 $1 24. g3 (24. Nc4 hxg2) 24... Nxd2 $1 25. Qxd2 Qe4 26. Ne1 {[%emt 0:00:00] Inhibits Qg2+.} f4 27. Rc4 fxe3 28. Qxe3 Qxe3 $40 {[%emt 0:00:46][%mdl 128] White needs to defend precisely.} 29. fxe3 Ra7 30. Nf3 Re7 31. Kf2 g4 {[%emt 0:00:27] [#]} (31... Kh6 $15) 32. Rcc1 $2 gxf3 {[%emt 0:00:20] Weighted Error Value: White=0.30/Black=0.10 (very precise) .  Loses game:     	White=1     	---        Mistake:       	---       	Black=1      Inaccurate:     	White=4     	Black=3      OK:         	White=13    	Black=9      Best:        	---       	Black=1      Strong:       	---       	Black=1} 0-1

[Event "76th Montenegro Championship 2024"]
[Site "Podgorica"]
[Date "2024.02.10"]
[Round "5.6"]
[White "Ivanovic, Bozidar"]
[Black "Miletic, Vuk"]
[Result "1-0"]
[ECO "B35"]
[WhiteElo "2403"]
[BlackElo "2213"]
[Annotator "TA"]
[PlyCount "81"]
[EventDate "2024.02.06"]
[EventType "swiss"]
[EventCountry "MNE"]
[SourceTitle "playchess.com"]
[Source "ChessBase"]
[SourceQuality "1"]
[TimeControl "40/5400+30:1800+30"]

1. e4 c5 2. Nf3 Nc6 3. d4 cxd4 4. Nxd4 g6 5. Nc3 Bg7 6. Be3 Nf6 7. Bc4 O-O 8. Bb3 Re8 9. h3 d6 10. O-O Na5 {[%emt 0:00:09] The position is equal.} 11. f4 b6 12. Qd3 Nxb3 13. axb3 Bb7 14. Nf3 a6 15. Rad1 b5 16. f5 Rc8 17. fxg6 hxg6 18. Ng5 Qc7 19. Rf2 Rf8 20. Nd5 Bxd5 21. exd5 Nh7 22. Nxh7 Kxh7 23. c3 Be5 24. Rdf1 f6 25. g4 Qd7 (25... Kg7 $11) 26. Rg2 $1 $16 Kg7 27. h4 $1 $36 {[%emt 0:06:02][%mdl 2048] White is pushing. White is more active.} Rg8 28. g5 (28. Kf2 $14) 28... f5 $11 29. h5 gxh5 30. Bd4 ({But not} 30. Rxf5 Rcf8 31. Rff2 Rxf2 32. Bxf2 Rf8 $17) (30. Qxf5 Qxf5 31. Rxf5 Kg6 $17) 30... e6 31. dxe6 Qxe6 32. Rxf5 {[%emt 0:00:17] And now Bxe5+ would win.} Rgf8 $2 (32... Rcf8 $11 33. Rgf2 Rxf5 34. Rxf5 Bxd4+ 35. Qxd4+ Kh7) 33. Bxe5+ $1 $18 {[%emt 0:00:16] White is clearly winning.} dxe5 {[%emt 0:00:07][%cal Bd6e5,Be5e4][%mdl 32] [#]} 34. Rf6 $1 e4 35. Qd4 ({Worse is} 35. Rxe6 exd3 36. Rxa6 Rfd8 $11) 35... Rxf6 36. gxf6+ {[%emt 0:00:08] KQR-KQR} Kf8 37. Qb4+ Kf7 {[%emt 0:00:53][%cal Oc8d8] [#]} 38. Rg7+ $1 ({Weaker is} 38. Qd4 Rg8 $11) 38... Kxf6 {[%emt 0:00:09] [#]} 39. Qd4+ $1 Kf5 40. Qf2+ Ke5 41. Qg3+ {[%emt 0:00:22] Weighted Error Value: White=0.22 (precise) /Black=0.13 (very precise) .  Loses game:     	---       	Black=1      Mistake:       	White=1     	Black=1      Inaccurate:     	White=2     	Black=2      OK:         	White=8     	Black=8      Best:        	---       	Black=3      Strong:       	White=3     	---} 1-0

[Event "76th Montenegro Championship 2024"]
[Site "Podgorica"]
[Date "2024.02.10"]
[Round "5.7"]
[White "Nikcevic, Nebojsa"]
[Black "Krstonijevic, Stjepan"]
[Result "1-0"]
[ECO "D30"]
[WhiteElo "2338"]
[BlackElo "2108"]
[Annotator "TA"]
[PlyCount "41"]
[EventDate "2024.02.06"]
[EventType "swiss"]
[EventCountry "MNE"]
[SourceTitle "playchess.com"]
[Source "ChessBase"]
[SourceQuality "1"]
[TimeControl "40/5400+30:1800+30"]

1. d4 d5 2. c4 c6 3. Nf3 Nf6 4. e3 e6 5. Nbd2 Nbd7 6. b3 Bd6 7. Bb2 O-O 8. Bd3 Qe7 9. Ne5 c5 10. O-O {[%emt 0:00:00] White has an edge.} b6 11. Nc6 Qe8 12. e4 cxd4 (12... Bb7 $14) 13. cxd5 $16 (13. Bxd4 Bb7 14. exd5 Qc8 $14) 13... exd5 14. exd5 (14. Nxd4 dxe4 (14... Nxe4 15. Bb5 $11) 15. Re1 Nc5 $11) 14... Nc5 {[%emt 0:00:18] [#]} 15. Nc4 (15. Bc4 $142 $1) 15... Qd7 (15... Nxd5 $142 16. Bxh7+ Kxh7 17. Qh5+ (17. Nxd6 $2 Qxc6 18. Qxd4 f6 $19) (17. Qxd4 Nf6 $16) 17... Kg8 18. Qxd5 (18. Nxd6 $2 Qxc6 19. Nxc8 Raxc8 $19) 18... Bxh2+ 19. Kxh2 Bb7) 16. Bb1 {[%emt 0:00:00] White is more active.} (16. Nxd4 Nxd3 17. Qxd3 Bc5 $14) 16... Bb7 $2 (16... Re8 $16) 17. Qxd4 $2 (17. Nxd4 $18 {and the rest is easy. Hoping for Nf5.} Nce4 18. f3 Bxd5 19. Bxe4 (19. fxe4 Bxc4 20. bxc4 Be5 $18)) 17... Ne6 $2 18. Qh4 $18 {[%emt 0:00:00] White is clearly winning.} ({Worse is} 18. dxe6 Qxc6 19. Ne3 (19. Nxd6 $2 Qxg2#) 19... Bc5 $11) 18... Bxc6 19. Bxf6 {[%emt 0:00:00][%csl Gb1][%cal Rh4h7] [#]} h6 20. dxc6 Qxc6 21. Be4 {[%emt 0:00:00] Weighted Error Value: White=0.31/Black=0.89.  Loses game:     	---       	Black=2      Missed win:     	White=1     	---        Mistake:       	White=1     	Black=2      Inaccurate:     	---       	Black=1      OK:         	White=4     	Black=2      Best:        	White=1     	---} 1-0

[Event "76th Montenegro Championship 2024"]
[Site "Podgorica"]
[Date "2024.02.10"]
[Round "5.8"]
[White "Podlesnik, Bogdan"]
[Black "Vujosevic, Vladimir"]
[Result "1/2-1/2"]
[ECO "C49"]
[WhiteElo "2284"]
[BlackElo "2335"]
[Annotator "TA"]
[PlyCount "78"]
[EventDate "2024.02.06"]
[EventType "swiss"]
[EventCountry "MNE"]
[SourceTitle "playchess.com"]
[Source "ChessBase"]
[SourceQuality "1"]
[TimeControl "40/5400+30:1800+30"]

1. e4 e5 2. Nf3 Nc6 3. Nc3 Nf6 4. Bb5 Bb4 5. O-O O-O 6. d3 Bxc3 7. bxc3 d6 8. Re1 h6 9. d4 Bd7 10. Bf1 Re8 11. Qd3 d5 12. Nxe5 Nxe5 13. dxe5 Rxe5 14. f3 dxe4 15. fxe4 Bc6 16. Bf4 Rxe4 (16... Bxe4 $2 17. Qxd8+ Rxd8 18. Bxe5 $18) 17. Rxe4 Bxe4 18. Qxd8+ Rxd8 19. Bxc7 Rd2 20. Rc1 Nd5 (20... Bxc2 $2 {loses.} 21. Bf4 Rd1 22. Rxc2 $18) 21. Be5 Rxc2 22. Rxc2 Bxc2 $15 {[%emt 0:00:17][%mdl 4096] Endgame. KBB-KBN} 23. Kf2 Be4 24. a3 f6 25. Bd4 Nb6 26. c4 Kf7 27. g3 Ke7 28. h4 Nc8 29. Bh3 Nd6 30. Bxa7 Nxc4 31. Bc5+ Kf7 32. Bf1 Ne5 33. Ke3 Bc6 34. Be2 g6 35. Kd4 Ke6 36. Bf8 h5 37. Bh6 Kf5 38. Bf4 Be4 39. Ke3 g5 {[%emt 0:02:38] Weighted Error Value: White=0.10 (very precise) /Black=0.06 (flawless) .  Mistake:       	---       	Black=1      Inaccurate:     	White=4     	Black=3      OK:         	White=11    	Black=10     Best:        	White=1     	Black=1} (39... Bc2 $15) 1/2-1/2

[Event "76th Montenegro Championship 2024"]
[Site "Podgorica"]
[Date "2024.02.10"]
[Round "5.9"]
[White "Djurovic, Peko"]
[Black "Skvortsova, Alena"]
[Result "1/2-1/2"]
[ECO "B27"]
[WhiteElo "2332"]
[BlackElo "2111"]
[Annotator "RC"]
[PlyCount "110"]
[EventDate "2024.02.06"]
[EventType "swiss"]
[EventCountry "MNE"]
[SourceTitle "playchess.com"]
[Source "ChessBase"]
[SourceQuality "1"]
[TimeControl "40/5400+30:1800+30"]

1. e4 c5 2. Nf3 g6 3. d4 cxd4 4. Qxd4 Nf6 5. e5 Nc6 6. Qa4 Nd5 7. Qe4 Nb6 8. Nc3 Bg7 9. Bf4 d5 10. exd6 Bf5 11. dxe7 Qd7 12. Qe2 Nb4 13. Ne4 Bxe4 14. Qxe4 Qa4 15. Bd3 Nxd3+ 16. cxd3 Bxb2 17. Qxa4+ Nxa4 18. Rb1 Kxe7 19. O-O Rhd8 20. Bc1 Bxc1 21. Rxb7+ Kf6 22. Rxc1 Rxd3 23. Rc6+ Kg7 24. Rxf7+ Kxf7 25. Ne5+ Kg8 26. Nxd3 Rd8 27. Ne1 Nb2 28. Kf1 a5 29. Ke2 Kg7 30. f4 Rd4 31. Rc2 Re4+ 32. Kd2 Na4 33. g3 Nb6 34. Rc6 Rb4 35. Nd3 Rb5 36. Rc5 Rb1 37. Kc2 Rh1 38. Rxa5 Rxh2+ 39. Kc3 Rg2 40. Ra6 Nd5+ 41. Kd4 Ne7 42. a4 Rxg3 43. a5 g5 44. Rb6 gxf4 45. a6 f3 46. Ke4 Nc8 47. Rc6 Rg6 48. Rc7+ Kh6 49. Rxc8 Rxa6 50. Kxf3 Kg5 51. Rc5+ Kf6 52. Kg4 Kg6 53. Ne5+ Kf6 54. Kh5 Ra1 55. Ng4+ Ke6 1/2-1/2

[Event "76th Montenegro Championship 2024"]
[Site "Podgorica"]
[Date "2024.02.10"]
[Round "5.10"]
[White "Grbovic, Dino"]
[Black "Draganic, Veljko"]
[Result "0-1"]
[ECO "D11"]
[WhiteElo "1946"]
[BlackElo "2323"]
[Annotator "TA"]
[PlyCount "82"]
[EventDate "2024.02.06"]
[EventType "swiss"]
[EventCountry "MNE"]
[SourceTitle "playchess.com"]
[Source "ChessBase"]
[SourceQuality "1"]
[TimeControl "40/5400+30:1800+30"]

1. d4 d5 2. c4 c6 3. Nf3 Nf6 4. g3 Bg4 5. Ne5 Bh5 6. Qb3 Qb6 7. cxd5 Qxb3 8. axb3 {[%emt 0:00:02] The position is equal.} Nxd5 9. g4 Bg6 10. Nxg6 hxg6 11. Bg2 e6 12. e3 Na6 13. O-O Nab4 14. Na3 Bd6 15. h3 f5 16. Nc4 Bc7 17. Rd1 O-O-O (17... a5 $11 {remains equal.}) 18. Bd2 ({White should try} 18. Rxa7 $16 Kb8 19. Ra1) 18... Kb8 $11 19. Bxb4 (19. Kf1 $11) 19... Nxb4 $15 20. Rd2 Rh4 21. f3 (21. Ra4 $15 Nd5 22. Ne5) 21... Rdh8 (21... f4 $17 {...fxe3 would now be deadly.} 22. exf4 Nd5 (22... Bxf4 23. Re2 $17)) 22. Rad1 Rd8 (22... g5 $17) 23. Ne5 (23. Ra1 $1 $11 {keeps the balance.}) 23... Bxe5 (23... Nd5 $17 24. Rd3 (24. Nxg6 Rh6 $17) 24... Bxe5 25. dxe5 Re8) 24. dxe5 $11 Rxd2 25. Rxd2 $17 {[%emt 0:00:01][%mdl 4096] Endgame. KRB-KRN} Nd5 $1 26. Kf2 Kc7 27. e4 {[%emt 0:02:00] [#]} (27. f4 $11) 27... fxe4 $1 ({Reject} 27... Nf4 $6 28. Kg3 g5 (28... Nxg2 29. exf5 exf5 30. Kxg2 $18) 29. exf5 $11) 28. fxe4 Nf4 29. Kg3 (29. b4 $17 {keeps fighting.}) 29... g5 $19 30. Bf1 Rh6 31. Rf2 {[%emt 0:01:38][%cal Oh3h4] Threatens to win with h4!} Rh8 32. h4 {[%emt 0:02:38] [#]} Rf8 $1 (32... gxh4+ $2 {perishes.} 33. Kxf4 Rf8+ 34. Ke3 Rxf2 35. Kxf2 $18) (32... Rxh4 $2 {too greedy.} 33. Rxf4 Rh1 34. Rf7+ Kb8 35. Kg2 $18) 33. hxg5 Ng6 34. Rxf8 Nxf8 {[%emt 0:00:00] KB-KN} 35. b4 a6 36. Kf4 Ng6+ 37. Ke3 Nxe5 38. Be2 Kd6 39. Bd3 $2 (39. Kd4) 39... Nxd3 40. Kxd3 Ke5 41. Ke3 g6 {[%emt 1:12:28] Weighted Error Value: White=0.75/Black=0.17 (very precise) .  Mistake:       	White=7     	Black=4      Inaccurate:     	White=5     	Black=3      OK:         	White=9     	Black=11     Best:        	---       	Black=4      Strong:       	---       	Black=3} 0-1

[Event "76th Montenegro Championship 2024"]
[Site "Podgorica"]
[Date "2024.02.10"]
[Round "5.11"]
[White "Zherebtsova, Alexandra"]
[Black "Nikac, Predrag"]
[Result "1-0"]
[ECO "A43"]
[WhiteElo "2270"]
[BlackElo "2304"]
[Annotator "TA"]
[PlyCount "127"]
[EventDate "2024.02.06"]
[EventType "swiss"]
[EventCountry "MNE"]
[SourceTitle "playchess.com"]
[Source "ChessBase"]
[SourceQuality "1"]
[TimeControl "40/5400+30:1800+30"]

1. d4 c5 2. d5 e6 3. Nc3 Nf6 4. e4 exd5 5. Nxd5 Nxd5 6. Qxd5 Be7 7. Nf3 O-O 8. Bc4 Nc6 9. Bf4 b5 10. Be2 Qb6 11. O-O d6 12. Rfd1 Bb7 13. Qh5 Rad8 14. c3 c4 15. a4 g6 16. Qxb5 Na5 17. Nd2 Rc8 18. Qxb6 axb6 19. Be3 Bd8 20. Bg4 Ra8 21. Bd7 Bc7 22. Bf4 Ba6 23. h3 Rfd8 24. Bg4 Ra7 25. Be2 Re8 26. Bf1 f6 (26... Bc8 $142 27. Bxc4 (27. Nxc4 Nxc4 28. Bxc4 Rxe4 $15) 27... Nxc4) 27. Re1 $18 Kf7 28. Rad1 Ke7 29. Nf3 Nb7 (29... b5 $142 30. axb5 Bxb5) 30. Rd4 (30. Nd4 $18 Kd7 31. Nc2) 30... Nc5 $16 31. Nd2 ({White should play} 31. Be3 $16) 31... Ne6 $11 32. Bg3 (32. Be3 $11 {remains equal.} Nxd4 33. Bxd4) 32... Nxd4 $17 33. cxd4 c3 34. bxc3 Bxf1 35. Nxf1 Rxa4 36. Ne3 Kd7 37. Nd5 Bd8 38. Rb1 (38. f3 $142) 38... Ra6 (38... Rxe4 $17 {White must now prevent ...f5.} 39. Rxb6 Ra1+ 40. Kh2 Bxb6 41. Nxf6+ Kc6 42. Nxe4 d5) 39. f3 $15 f5 40. e5 g5 41. f4 dxe5 42. fxe5 f4 43. Bf2 Re6 (43... Ra3 $17) 44. Kf1 Ra5 45. Nb4 $1 (45. c4 $2 Rc6 46. Rb4 Ra1+ 47. Ke2 Ra2+ 48. Kf3 Rc2 $19) 45... Ra3 46. Be1 h5 47. Nd3 Rc6 48. h4 Rg6 49. hxg5 Bxg5 (49... Rxg5 $11 50. Bh4 (50. Nxf4 Rf5 $15) 50... Rg8 (50... Rg4 51. e6+ Kxe6 52. Bxd8 $16) 51. Bxd8 Rxc3 52. Nxf4 Rxd8 53. e6+ (53. Nxh5 Kc6 $11) (53. Rxb6 Rf8 $11) 53... Kc6 54. d5+ (54. Nxh5 Re3 $17) 54... Kc7) 50. d5 Bh6 $2 (50... Be7 $14) 51. e6+ $18 Kc7 (51... Kd6 $2 52. Rxb6+ Kxd5 53. Nb4+ Ke5 54. e7 $18) 52. Ne5 Rg8 53. d6+ Kb7 (53... Kxd6 $142 54. Nc4+ (54. Rxb6+ $2 Kxe5 55. Rb5+ Kf6 $19) 54... Kxe6 55. Rxb6+ (55. Nxa3 Rb8 $18) 55... Kf5 56. Nxa3 Bg7) 54. Nf7 $18 Bf8 55. e7 Bxe7 56. dxe7 Kc6 57. Bf2 Kd7 $2 (57... Re8 58. Ne5+ (58. Bxb6 Rxe7 59. Nd8+ Kd5 $16) (58. Rxb6+ Kc7 $18) 58... Kd5) 58. Bxb6 (58. Bh4 $142) 58... Rxc3 $2 (58... f3 {keeps fighting.} 59. Ne5+ (59. gxf3 Rxc3 60. Nh6 Rg6 $14) 59... Kxe7 60. Bc5+ (60. Nxf3 Rxc3 61. Bd4 Rc2 $18) 60... Ke6 61. Bxa3 fxg2+ 62. Kg1 Kxe5) 59. Bd8 $18 Ke6 60. Ng5+ Kf5 61. Nf3 (61. Rb5+ $142 Kg6 62. Ne4 Rc1+ 63. Kf2) 61... Kg4 62. Rb5 Re3 63. Kf2 h4 64. Nh2# 1-0

[Event "76th Montenegro Championship 2024"]
[Site "Podgorica"]
[Date "2024.02.10"]
[Round "5.12"]
[White "Drasko, Milan"]
[Black "Djukanovic, Sreten"]
[Result "1/2-1/2"]
[ECO "A58"]
[WhiteElo "2339"]
[BlackElo "2068"]
[Annotator "TA"]
[PlyCount "28"]
[EventDate "2024.02.06"]
[EventType "swiss"]
[EventCountry "MNE"]
[SourceTitle "playchess.com"]
[Source "ChessBase"]
[SourceQuality "1"]
[TimeControl "40/5400+30:1800+30"]

1. d4 Nf6 2. c4 c5 3. d5 b5 4. cxb5 a6 5. bxa6 e6 6. Nc3 exd5 7. Nxd5 Be7 8. Nxe7 Qxe7 9. Bf4 {[%emt 0:00:00] Black must now prevent Bd6.} d5 10. e3 O-O 11. Nf3 Nxa6 12. Be2 Bf5 13. O-O Rfd8 14. Be5 Ne4 {[%emt 0:02:46] Weighted Error Value: White=0.02 (flawless) /Black=0.03 (flawless) .  OK:         	White=4     	Black=5} 1/2-1/2

[Event "76th Montenegro Championship 2024"]
[Site "Podgorica"]
[Date "2024.02.10"]
[Round "5.13"]
[White "Lakusic, Zoran"]
[Black "Musovic, Armin"]
[Result "0-1"]
[ECO "A00"]
[WhiteElo "1650"]
[BlackElo "2268"]
[Annotator "NA RC"]
[PlyCount "48"]
[EventDate "2024.02.06"]
[EventType "swiss"]
[EventCountry "MNE"]
[SourceTitle "playchess.com"]
[Source "ChessBase"]
[SourceQuality "1"]
[TimeControl "40/5400+30:1800+30"]

1. a3 g6 2. Nf3 c5 3. g3 Bg7 4. Bg2 d5 5. O-O Nf6 6. d3 O-O 7. c3 Nc6 8. Bf4 Re8 9. Be5 Qb6 10. Bxf6 exf6 11. Qc2 c4 12. e3 Bf5 13. Ne1 cxd3 14. Qd2 Ne5 15. Bxd5 Rad8 16. c4 Bh3 17. Nc3 Bxf1 18. Kxf1 Qb3 19. Rb1 f5 20. Qd1 Qb6 21. Nxd3 Ng4 22. c5 Qa6 23. Kg1 Bxc3 24. bxc3 Rxd5 0-1

[Event "76th Montenegro Championship 2024"]
[Site "Podgorica"]
[Date "2024.02.10"]
[Round "5.14"]
[White "Milovic, Jovan"]
[Black "Abramovic, Dragoljub"]
[Result "1-0"]
[ECO "E43"]
[WhiteElo "2223"]
[BlackElo "2018"]
[Annotator "TA"]
[PlyCount "58"]
[EventDate "2024.02.06"]
[EventType "swiss"]
[EventCountry "MNE"]
[SourceTitle "playchess.com"]
[Source "ChessBase"]
[SourceQuality "1"]
[TimeControl "40/5400+30:1800+30"]

1. d4 e6 2. c4 Bb4+ 3. Nc3 Nf6 4. e3 b6 5. Bd3 Bb7 6. Nge2 Bxg2 7. Rg1 Be4 (7... Bf3 $15) 8. Ng3 (8. a3 $1 $11 Bxc3+ 9. Nxc3) 8... Bxc3+ $15 9. bxc3 Bxd3 10. Qxd3 {[%emt 0:00:00] Black is better.} d6 11. e4 Nbd7 12. f4 c6 (12... O-O $17) 13. a4 (13. Ba3 $11 {remains equal.}) 13... g6 14. Ra2 Ng8 15. f5 e5 16. a5 c5 17. axb6 axb6 18. Rxa8 Qxa8 19. dxe5 Nxe5 20. Qxd6 Nf3+ {[%emt 0:00:32][%mdl 8192] Excellent horsemanship. This move loses the game for Black.} (20... Nxc4 $15 21. Qc7 Ne7) 21. Kf2 $18 {[%emt 0:00:00] White is clearly winning.} Nxg1 22. Qe5+ Kd7 {[%emt 0:06:06][%cal Og8e7] [#] Threatens to win with ...Ne7!} 23. Qxh8 Qa1 24. Qxg8 Qxc1 25. Qxf7+ {[%emt 0:00:00] KQN-KQN} Kc6 26. Qxh7 (26. fxg6 Nh3+ 27. Kg2 Nf4+ 28. Kf2 (28. Kf3 Nxg6 29. Qf6+ Kb7 $11) 28... Nh3+ 29. Kg2 Nf4+ 30. Kf3 Nxg6 $11) 26... gxf5 27. Qxf5 Kb7 28. Nf1 Qxc3 29. Qd5+ Ka6 {[%emt 0:00:17] Weighted Error Value: White=0.21 (precise) /Black=0.54.  Loses game:     	---       	Black=1      Mistake:       	White=1     	Black=1      Inaccurate:     	White=1     	Black=2      OK:         	White=4     	Black=8      Best:        	White=3     	Black=1} 1-0

[Event "76th Montenegro Championship 2024"]
[Site "Podgorica"]
[Date "2024.02.10"]
[Round "5.15"]
[White "Scekic, Veljko"]
[Black "Petrovic, Slavko"]
[Result "1/2-1/2"]
[ECO "B88"]
[WhiteElo "2206"]
[BlackElo "1836"]
[Annotator "NA RC"]
[PlyCount "73"]
[EventDate "2024.02.06"]
[EventType "swiss"]
[EventCountry "MNE"]
[SourceTitle "playchess.com"]
[Source "ChessBase"]
[SourceQuality "1"]
[TimeControl "40/5400+30:1800+30"]

1. e4 c5 2. Nf3 Nc6 3. d4 cxd4 4. Nxd4 Nf6 5. Nc3 d6 6. Bc4 e6 7. O-O Be7 8. Kh1 O-O 9. f4 Nxe4 10. Nxc6 bxc6 11. Nxe4 d5 12. Bd3 dxe4 13. Bxe4 Ba6 14. Re1 Qxd1 15. Rxd1 Rad8 16. Be3 c5 17. b3 f5 18. Bf3 Kf7 19. Kg1 Bf6 20. Rxd8 Rxd8 21. Rd1 Bd4 22. Bxd4 Rxd4 23. Rxd4 cxd4 24. a4 Kf6 25. b4 Bc4 26. Kf2 h6 27. Be2 Bd5 28. a5 g5 29. b5 g4 30. g3 Ke7 31. Ke1 Kd6 32. Kd2 Kc5 33. c3 dxc3+ 34. Kxc3 Ba2 35. Bd3 Bd5 36. Bf1 Ba2 37. Be2 1/2-1/2

[Event "76th Montenegro Championship 2024"]
[Site "Podgorica"]
[Date "2024.02.10"]
[Round "5.16"]
[White "Mosurovic, Milena"]
[Black "Pobor, Milo"]
[Result "0-1"]
[ECO "C00"]
[WhiteElo "1545"]
[BlackElo "2201"]
[Annotator "NA RC"]
[PlyCount "60"]
[EventDate "2024.02.06"]
[EventType "swiss"]
[EventCountry "MNE"]
[SourceTitle "playchess.com"]
[Source "ChessBase"]
[SourceQuality "1"]
[TimeControl "40/5400+30:1800+30"]

1. e4 e6 2. d3 d5 3. Nd2 c5 4. Ngf3 Nf6 5. g3 Nc6 6. Bg2 Be7 7. O-O O-O 8. Re1 b5 9. c3 b4 10. h4 Ba6 11. Nf1 dxe4 12. dxe4 Qxd1 13. Rxd1 bxc3 14. e5 Nd5 15. bxc3 Nxc3 16. Rd2 Rad8 17. Bb2 Ne2+ 18. Kh1 Rxd2 19. N1xd2 Nb4 20. Bf1 Rb8 21. Nb3 g6 22. Nfd2 Nc2 23. Bxe2 Bxe2 24. Rc1 Bd3 25. Bc3 Rc8 26. Na1 Nxa1 27. Bxa1 c4 28. Kg2 Ba3 29. Rd1 c3 30. Nb3 Bc2 0-1